[Event "Asian Amateur-ch Women 2022"]
[Site "Muscat"]
[Date "2022.10.03"]
[Round "6.8"]
[White "Algubaishi, Afnan Hassan"]
[Black "Al-Khelaifi, Aisha"]
[Result "0-1"]
[ECO "C42"]
[WhiteElo "1450"]
[BlackElo "1678"]
[Annotator "NA RC COMBH"]
[PlyCount "134"]
[EventDate "2022.09.29"]
[EventType "swiss"]
[SourceTitle "playchess.com"]
[Source "ChessBase"]
[SourceQuality "1"]
[TimeControl "5400+30"]

1. e4 e5 2. Nf3 Nf6 3. Nc3 Bb4 4. Bc4 d6 5. d3 h6 6. h3 Be6 7. Bb3 O-O 8. O-O Nbd7 9. Ne2 c6 10. c3 Ba5 11. Bc2 Bc7 12. Ng3 d5 13. d4 exd4 14. cxd4 Bxg3 15. fxg3 Nxe4 16. Bf4 Ndf6 17. g4 Rc8 18. Rc1 Qb6 19. Bb3 c5 20. Rb1 c4 21. Bc2 Qa5 22. a4 a6 23. g5 Nh5 24. Nh4 Nxf4 25. gxh6 Ng6 26. Qh5 Ng3 27. h7+ Kh8 28. Nxg6+ fxg6 29. Rxf8+ Rxf8 30. Qh4 Nf5 31. Qf4 Qb6 32. g4 Qxd4+ 33. Qxd4 Nxd4 34. Bxg6 Nf3+ 35. Kh1 Ng5 36. h4 Ne4 37. Rg1 Nf2+ 38. Kg2 Nxg4 39. Kg3 Nf6 40. Kf4 Ng4+ 41. Kg5 Nf6 42. Kf4 Nd7+ 43. Ke3 Bf5 44. h5 Rf6 45. Kd4 Be4 46. Rg5 Nf8 47. Bxe4 Ne6+ 48. Kxd5 Nxg5 49. Bg6 Rb6 50. Kxc4 Rxb2 51. Kc3 Rb6 52. Bd3 Nxh7 53. Kc4 Nf6 54. Be2 Ne4 55. Bg4 Nf6 56. Be2 Kh7 57. Bf3 Kh6 58. Kc5 Rb2 59. Kd6 Rb4 60. Kc7 Rxa4 61. Kxb7 Nxh5 62. Bc6 Ra1 63. Kb6 a5 64. Kb5 g5 65. Bf3 Ng3 66. Bg4 Ne4 67. Kc4 Nf2 0-1

[Event "Asian Amateur-ch Women 2022"]
[Site "Muscat"]
[Date "2022.10.03"]
[Round "6.9"]
[White "Anoud Eisa Bashkardi"]
[Black "Al-Khulaifi, Ghada"]
[Result "1/2-1/2"]
[ECO "C47"]
[WhiteElo "1277"]
[BlackElo "1620"]
[Annotator "NA RC COMBH"]
[PlyCount "106"]
[EventDate "2022.09.29"]
[EventType "swiss"]
[SourceTitle "playchess.com"]
[Source "ChessBase"]
[SourceQuality "1"]
[TimeControl "5400+30"]

1. e4 e5 2. Nf3 Nc6 3. Nc3 Nf6 4. d4 exd4 5. Nxd4 Bb4 6. Nxc6 bxc6 7. Bd3 h6 8. O-O O-O 9. e5 Bxc3 10. bxc3 Ne8 11. Qh5 a5 12. Bxh6 gxh6 13. Qxh6 f5 14. exf6 Nxf6 15. Rfe1 Rf7 16. Re5 Qf8 17. Qh4 d5 18. Rae1 Rg7 19. Rg5 Bd7 20. Ree5 Rxg5 21. Rxg5+ Kf7 22. Bg6+ Ke7 23. Rg3 Qh8 24. Re3+ Be6 25. Qf4 Kd7 26. Bf5 Re8 27. h3 Bxf5 28. Qxf5+ Kd8 29. Rf3 Ne4 30. c4 Nd2 31. Qg5+ Kc8 32. Qxd2 Qa1+ 33. Kh2 Qxa2 34. cxd5 Qxd5 35. Qxd5 cxd5 36. Ra3 Re2 37. Rxa5 c6 38. Rc5 Kd7 39. Kg3 Kd6 40. Kf3 Re4 41. Rc3 c5 42. g4 Re1 43. g5 d4 44. Rd3 Ke5 45. c3 dxc3 46. Rxc3 Kd4 47. Re3 Rg1 48. Ke2 Rxg5 49. Rd3+ Kc4 50. h4 Rh5 51. Rh3 Kd4 52. Rd3+ Kc4 53. Rh3 Rxh4 1/2-1/2

[Event "Asian Amateur-ch Women 2022"]
[Site "Muscat"]
[Date "2022.10.03"]
[Round "7.1"]
[White "Amulya Guruprasad"]
[Black "Rouda Essa, Alserkal"]
[Result "1-0"]
[ECO "D02"]
[WhiteElo "1278"]
[BlackElo "1893"]
[Annotator "NA RC COMBH"]
[PlyCount "75"]
[EventDate "2022.09.29"]
[EventType "swiss"]
[EventCountry "OMN"]
[SourceTitle "playchess.com"]
[Source "ChessBase"]
[SourceQuality "1"]
[TimeControl "5400+30"]

1. d4 Nf6 2. Nf3 d5 3. Bf4 c5 4. e3 e6 5. c3 Nc6 6. Nbd2 h6 7. Ne5 Nxe5 8. dxe5 Nd7 9. Bd3 Qc7 10. Nf3 g6 11. h4 Bg7 12. Bh2 Nxe5 13. Nxe5 Bxe5 14. f4 Bd6 15. Qf3 Bd7 16. O-O-O O-O-O 17. e4 Qa5 18. exd5 Qxa2 19. Bb1 Qa1 20. f5 Bxh2 21. fxe6 Ba4 22. e7 Rde8 23. Rde1 Bd7 24. g4 Bd6 25. Qxf7 Bxg4 26. Qxg6 Rhg8 27. Qxd6 Bf5 28. Re4 Rg6 29. Qxc5+ Kb8 30. d6 Rg2 31. Qc7+ Ka8 32. Qd8+ Bc8 33. Rb4 Rgg8 34. Qc7 b6 35. d7 Bxd7 36. Qxd7 Rc8 37. Qd5+ Kb8 38. Rc4 1-0

[Event "Asian Amateur-ch Women 2022"]
[Site "Muscat"]
[Date "2022.10.03"]
[Round "7.2"]
[White "Shybi Binoj"]
[Black "Wijesuriya, G P Y"]
[Result "0-1"]
[ECO "C55"]
[WhiteElo "1402"]
[BlackElo "1564"]
[Annotator "NA RC COMBH"]
[PlyCount "90"]
[EventDate "2022.09.29"]
[EventType "swiss"]
[EventCountry "OMN"]
[SourceTitle "playchess.com"]
[Source "ChessBase"]
[SourceQuality "1"]
[TimeControl "5400+30"]

1. e4 e5 2. Nf3 Nc6 3. Bc4 Nf6 4. Nc3 Nxe4 5. Nxe4 d5 6. Bxd5 Qxd5 7. d3 h6 8. h3 Be7 9. Be3 f5 10. Nc3 Qd6 11. Qe2 a6 12. O-O-O O-O 13. Nd2 b5 14. Nb3 Nd4 15. Bxd4 exd4 16. Qf3 Be6 17. Nb1 a5 18. Rhe1 Ra6 19. Rxe6 Qxe6 20. Nxd4 Bg5+ 21. Nd2 Qxa2 22. c3 b4 23. Kc2 Bxd2 24. Rxd2 bxc3 25. Kxc3 a4 26. Rc2 a3 27. bxa3 Qxa3+ 28. Nb3 Qd6 29. d4 Ra3 30. Kd2 Kh8 31. Qb7 Rd8 32. Kc1 Qd5 33. Qxd5 Rxd5 34. Kb2 Ra7 35. Kc3 Kg8 36. Re2 Kf7 37. Kc4 Rd6 38. Re5 g6 39. d5 Ra2 40. Nd4 Rxf2 41. Nc6 Kf6 42. Re8 Rxg2 43. Rc8 Rc2+ 44. Kb3 Rcxc6 45. dxc6 Rxc6 0-1

[Event "Asian Amateur-ch Women 2022"]
[Site "Muscat"]
[Date "2022.10.03"]
[Round "7.3"]
[White "Nadernia, Niki"]
[Black "Abeysinghe, H M H Janandani"]
[Result "1-0"]
[ECO "E68"]
[WhiteElo "1769"]
[BlackElo "1546"]
[Annotator "NA RC COMBH"]
[PlyCount "181"]
[EventDate "2022.09.29"]
[EventType "swiss"]
[EventCountry "OMN"]
[SourceTitle "playchess.com"]
[Source "ChessBase"]
[SourceQuality "1"]
[TimeControl "5400+30"]

1. d4 g6 2. Nf3 Bg7 3. g3 d6 4. Bg2 Nf6 5. O-O O-O 6. c4 Nbd7 7. Nc3 e5 8. e4 exd4 9. Nxd4 Re8 10. h3 Nc5 11. Re1 Ne6 12. Nc2 Nc5 13. Rb1 a5 14. Nd4 Ne6 15. Ndb5 Bf8 16. b3 c6 17. Na3 Nc5 18. Nc2 Be6 19. Nd4 Qc8 20. Kh2 Bd7 21. Bg5 Be7 22. Qf3 Ng4+ 23. hxg4 Bxg5 24. Qd1 Bxg4 25. f3 Bd7 26. Nc2 Bf6 27. Ne2 Qc7 28. Qd2 Rad8 29. Rbd1 Bc8 30. Rh1 Bg7 31. Ne3 Qb6 32. Bh3 Bxh3 33. Kxh3 Na6 34. Ng4 Qc7 35. Nf4 Nc5 36. Kg2 h5 37. Nf2 Bh6 38. Qc3 Bg7 39. Qd2 Ne6 40. Nxe6 fxe6 41. Qg5 Qf7 42. Qxa5 Rf8 43. Rd3 d5 44. exd5 exd5 45. c5 Ra8 46. Qd2 Ra3 47. Rc1 Rfa8 48. Rc2 Qc7 49. b4 Qf7 50. Nh3 Rxd3 51. Qxd3 Bh6 52. Re2 Re8 53. a4 Rxe2+ 54. Qxe2 Kf8 55. Nf2 Qe7 56. Qd3 Kf7 57. Qc2 Be3 58. Nd3 h4 59. gxh4 Qxh4 60. Ne5+ Kf6 61. Ng4+ Kf7 62. Nxe3 Qxb4 63. Ng4 Qf4 64. Qb2 Qxa4 65. Qf6+ Ke8 66. Qxg6+ Kd8 67. Ne5 Qb4 68. Qd6+ Kc8 69. Ng4 Qd2+ 70. Kg3 Qe1+ 71. Kf4 Qd2+ 72. Kg3 Qe1+ 73. Kg2 Qd2+ 74. Nf2 Qg5+ 75. Kh2 Qh5+ 76. Kg3 Qg5+ 77. Ng4 Qd2 78. Kh4 d4 79. f4 d3 80. Qf8+ Kc7 81. Qd6+ Kc8 82. Kg5 Qe2 83. Ne5 d2 84. Nd7 Qg2+ 85. Kf6 b5 86. cxb6 Kb7 87. Qc7+ Ka6 88. b7 Kb5 89. b8=Q+ Kc4 90. Ne5+ Kd4 91. Qbb6+ 1-0

[Event "Asian Amateur-ch Women 2022"]
[Site "Muscat"]
[Date "2022.10.03"]
[Round "7.4"]
[White "Fatima, Saif Al-Ali"]
[Black "Sawan, Eman"]
[Result "0-1"]
[ECO "B92"]
[WhiteElo "1595"]
[BlackElo "1840"]
[Annotator "NA RC COMBH"]
[PlyCount "80"]
[EventDate "2022.09.29"]
[EventType "swiss"]
[EventCountry "OMN"]
[SourceTitle "playchess.com"]
[Source "ChessBase"]
[SourceQuality "1"]
[TimeControl "5400+30"]

1. e4 c5 2. Nf3 d6 3. d4 cxd4 4. Nxd4 Nf6 5. Nc3 a6 6. Be2 e5 7. Nb3 Be6 8. Bg5 Nbd7 9. O-O Be7 10. f4 exf4 11. Bxf4 Ne5 12. Kh1 O-O 13. Nd4 Bd7 14. Nf5 Bxf5 15. exf5 Qb6 16. Rb1 Rac8 17. Bg5 Qc6 18. Qd4 Qc5 19. Rbd1 Qxd4 20. Rxd4 Nc6 21. Rd2 h6 22. Bf4 Ne5 23. h3 Rfe8 24. Nd1 Ne4 25. Rd4 Nc5 26. Ne3 Nc6 27. Rdd1 Bg5 28. Bxg5 hxg5 29. Bf3 Rxe3 30. Rxd6 Ne4 31. Bxe4 Rxe4 32. Rd7 Re7 33. Rd2 Rce8 34. Kh2 Re2 35. Rd7 R8e7 36. Rd3 Rxc2 37. Rb3 Ree2 38. Rxb7 Rxg2+ 39. Kh1 Rh2+ 40. Kg1 Rcg2# 0-1

[Event "Asian Amateur-ch Women 2022"]
[Site "Muscat"]
[Date "2022.10.03"]
[Round "7.5"]
[White "Al-Khelaifi, Aisha"]
[Black "Al Kalbani, Wadima"]
[Result "1/2-1/2"]
[ECO "C55"]
[WhiteElo "1678"]
[BlackElo "1554"]
[Annotator "NA RC COMBH"]
[PlyCount "74"]
[EventDate "2022.09.29"]
[EventType "swiss"]
[EventCountry "OMN"]
[SourceTitle "playchess.com"]
[Source "ChessBase"]
[SourceQuality "1"]
[TimeControl "5400+30"]

1. e4 e5 2. Nf3 Nc6 3. Bc4 Nf6 4. d3 Be7 5. O-O O-O 6. Re1 d6 7. a4 h6 8. h3 Kh8 9. Nc3 Ng8 10. Nd5 f5 11. a5 a6 12. Ra3 f4 13. c3 Bf6 14. d4 g5 15. Nh2 exd4 16. cxd4 Bxd4 17. Qh5 Bg7 18. b4 Ne5 19. Ba2 Nf6 20. Qe2 Bd7 21. Bb2 Bb5 22. Qc2 Nxd5 23. exd5 Bd7 24. Kh1 Rc8 25. Nf3 Nxf3 26. Bxg7+ Kxg7 27. Rxf3 c6 28. Qc3+ Qf6 29. Qd2 cxd5 30. Bxd5 Rc7 31. g4 Re8 32. Rxe8 Bxe8 33. Rd3 Bc6 34. Kg1 Qe5 35. Kf1 Qa1+ 36. Kg2 Qe5 37. Kf1 Qf6 1/2-1/2

[Event "Asian Amateur-ch Women 2022"]
[Site "Muscat"]
[Date "2022.10.03"]
[Round "7.6"]
[White "Aditi Arun"]
[Black "Al Mansouri, Moza"]
[Result "0-1"]
[ECO "D02"]
[WhiteElo "1160"]
[BlackElo "1610"]
[Annotator "NA RC COMBH"]
[PlyCount "169"]
[EventDate "2022.09.29"]
[EventType "swiss"]
[EventCountry "OMN"]
[SourceTitle "playchess.com"]
[Source "ChessBase"]
[SourceQuality "1"]
[TimeControl "5400+30"]

1. d4 Nf6 2. Bf4 d5 3. Nf3 c5 4. e3 Nc6 5. Nbd2 cxd4 6. exd4 e6 7. Bb5 Qb6 8. Bxc6+ bxc6 9. Nb3 a5 10. a4 Ba6 11. Bd2 Bc4 12. Bxa5 Rxa5 13. Nxa5 Qxa5+ 14. c3 Ne4 15. Ne5 Nxc3 16. Nxc4 dxc4 17. bxc3 Qxc3+ 18. Kf1 Ba3 19. Rb1 O-O 20. g3 Bb2 21. Qe2 Rb8 22. Kg2 Qb3 23. Rhc1 c3 24. Qc2 Qd5+ 25. Kg1 Rb4 26. Rxb2 cxb2 27. Rb1 Qa2 28. Kg2 Qd5+ 29. Kg1 Qxd4 30. Qxc6 g6 31. Qc8+ Kg7 32. Qc2 e5 33. Kg2 e4 34. a5 Qd3 35. Rxb2 Qf3+ 36. Kg1 Rd4 37. Rb1 e3 38. Qb2 exf2+ 39. Qxf2 Qd5 40. Qb2 Kh6 41. Qe2 Rd2 42. Qe3+ Kh5 43. g4+ Kxg4 44. Rb4+ Kh5 45. Qh3+ Kg5 46. Qe3+ Kf6 47. Qc3+ Ke7 48. Qc7+ Kf8 49. Qc8+ Kg7 50. Qc3+ f6 51. Qc7+ Qd7 52. Rb7 Qxc7 53. Rxc7+ Kh6 54. a6 Ra2 55. a7 g5 56. Kf1 Kg6 57. Ke1 h5 58. Kd1 g4 59. Kc1 h4 60. Kb1 Ra5 61. Kb2 g3 62. hxg3 hxg3 63. Rc3 Rxa7 64. Rxg3+ Kf5 65. Kc2 Rd7 66. Rg1 Rd6 67. Rf1+ Kg6 68. Rg1+ Kf7 69. Ra1 f5 70. Rf1 Kf6 71. Kc3 Rd5 72. Kc4 Re5 73. Kd4 Re4+ 74. Kd5 Ra4 75. Kd6 f4 76. Kd5 Kf5 77. Kd6 Ra3 78. Rh1 f3 79. Rh8 Ra6+ 80. Kd5 f2 81. Rh1 Kf4 82. Rb1 Kg3 83. Rb3+ Kg2 84. Rb2 Kg1 85. Kd4 0-1

[Event "Asian Amateur-ch Women 2022"]
[Site "Muscat"]
[Date "2022.10.03"]
[Round "7.7"]
[White "Khalil, Hanan"]
[Black "Dakshikaa S M"]
[Result "1/2-1/2"]
[ECO "C78"]
[WhiteElo "1484"]
[BlackElo "1117"]
[Annotator "NA RC COMBH"]
[PlyCount "87"]
[EventDate "2022.09.29"]
[EventType "swiss"]
[EventCountry "OMN"]
[SourceTitle "playchess.com"]
[Source "ChessBase"]
[SourceQuality "1"]
[TimeControl "5400+30"]

1. e4 e5 2. Nf3 Nc6 3. Bb5 a6 4. Ba4 Nf6 5. d3 b5 6. Bb3 Bc5 7. O-O d6 8. c3 O-O 9. Nbd2 Bb7 10. h3 d5 11. Re1 Re8 12. exd5 Nxd5 13. Ne4 Ba7 14. Bg5 Qd7 15. Qd2 Na5 16. Bc2 Bb6 17. b4 Nc6 18. Bb3 a5 19. Bxd5 Qxd5 20. Bf6 h6 21. Nh2 Ne7 22. Ng4 Nf5 23. Bxg7 Kxg7 24. Nxh6 Qe6 25. Qg5+ Qg6 26. Nxf5+ Kf8 27. Qxg6 fxg6 28. Nh4 Kg7 29. a3 Rad8 30. Rad1 Rf8 31. Nf3 Rfe8 32. Neg5 e4 33. dxe4 Rxd1 34. Rxd1 Bxe4 35. Re1 Bc6 36. Rxe8 Bxe8 37. Nd4 Kf6 38. Ngf3 c5 39. Kf1 cxd4 40. cxd4 Bc6 41. Ne5 Be8 42. Nf3 Bc6 43. Ne5 Be8 44. Nf3 1/2-1/2

[Event "Asian Amateur-ch Women 2022"]
[Site "Muscat"]
[Date "2022.10.03"]
[Round "7.8"]
[White "Al Ghafri, Alanoud"]
[Black "Al-Khelaifi, Salama"]
[Result "0-1"]
[ECO "B01"]
[WhiteElo "1275"]
[BlackElo "1798"]
[Annotator "NA RC COMBH"]
[PlyCount "121"]
[EventDate "2022.09.29"]
[EventType "swiss"]
[EventCountry "OMN"]
[SourceTitle "playchess.com"]
[Source "ChessBase"]
[SourceQuality "1"]
[TimeControl "5400+30"]

1. e4 d5 2. exd5 Qxd5 3. Nc3 Qd6 4. d4 Nf6 5. Nf3 a6 6. Bc4 b5 7. Bb3 Bb7 8. d5 b4 9. Ne2 Nxd5 10. O-O e6 11. Re1 Be7 12. Ng3 O-O 13. a3 bxa3 14. bxa3 Bf6 15. Ne4 Qd8 16. Rb1 Nc3 17. Qxd8 Rxd8 18. Nxf6+ gxf6 19. Ra1 Nd7 20. Bb2 Ne4 21. h4 Ndc5 22. Bc4 f5 23. Bc1 Bd5 24. Bxd5 Rxd5 25. Bh6 f6 26. Rad1 Rad8 27. Rb1 Kf7 28. Be3 e5 29. Nh2 f4 30. Bc1 Nc3 31. Ra1 Rd1 32. Bb2 Rxe1+ 33. Rxe1 N3a4 34. Bc1 Nc3 35. f3 Rb8 36. Ng4 N5a4 37. Nf2 Rb1 38. Nd3 Rb8 39. Kf2 c5 40. Bd2 c4 41. Nb4 a5 42. Nc6 Rb2 43. Nxa5 Rxc2 44. Nxc4 Nb2 45. Nd6+ Ke6 46. Ne4 Nxe4+ 47. fxe4 Rxd2+ 48. Re2 Rxe2+ 49. Kxe2 Kd6 50. Kf3 h5 51. Ke2 Kc5 52. Kd2 Nc4+ 53. Ke2 Nxa3 54. Kf3 Kd4 55. g4 fxg3 56. Kxg3 Kxe4 57. Kh3 Kf3 58. Kh2 Kf2 59. Kh1 e4 60. Kh2 e3 61. Kh3 0-1

[Event "Asian Amateur-ch Women 2022"]
[Site "Muscat"]
[Date "2022.10.03"]
[Round "7.9"]
[White "Al-Khulaifi, Ghada"]
[Black "Suchitraa Viswanathan"]
[Result "1/2-1/2"]
[ECO "C50"]
[WhiteElo "1620"]
[BlackElo "1041"]
[Annotator "NA RC COMBH"]
[PlyCount "44"]
[EventDate "2022.09.29"]
[EventType "swiss"]
[EventCountry "OMN"]
[SourceTitle "playchess.com"]
[Source "ChessBase"]
[SourceQuality "1"]
[TimeControl "5400+30"]

1. e4 e5 2. Nf3 Nc6 3. Bc4 Bc5 4. O-O d6 5. h3 Nf6 6. d3 h6 7. Be3 Bb6 8. Nc3 Be6 9. Bb5 O-O 10. Bxc6 bxc6 11. Bxb6 cxb6 12. d4 Bc4 13. Re1 Re8 14. Qd2 Qc7 15. dxe5 dxe5 16. Qe3 Nh5 17. b3 Be6 18. Ne2 Nf4 19. Nxf4 exf4 20. Qc3 Rad8 21. e5 Bd5 22. Rad1 Qc8 1/2-1/2

[Event "Asian Amateur-ch Women 2022"]
[Site "Muscat"]
[Date "2022.10.04"]
[Round "8.1"]
[White "Wijesuriya, G P Y"]
[Black "Nadernia, Niki"]
[Result "0-1"]
[ECO "B23"]
[WhiteElo "1564"]
[BlackElo "1769"]
[Annotator "NA RC COMBH"]
[PlyCount "89"]
[EventDate "2022.09.29"]
[EventType "swiss"]
[EventCountry "OMN"]
[SourceTitle "playchess.com"]
[Source "ChessBase"]
[SourceQuality "1"]
[TimeControl "5400+30"]

1. e4 c5 2. Nc3 Nc6 3. f4 g6 4. Nf3 Bg7 5. a3 d6 6. Bc4 e6 7. d3 Nge7 8. Ba2 O-O 9. O-O Rb8 10. Ne2 d5 11. e5 b5 12. Ng3 f6 13. exf6 Bxf6 14. Rb1 b4 15. a4 Qa5 16. Bb3 c4 17. dxc4 dxc4 18. Ba2 b3 19. cxb3 cxb3 20. Bxb3 Qb6+ 21. Kh1 Qxb3 22. Qe1 Nf5 23. Ne4 Be7 24. Bd2 Ba6 25. Rf2 Nb4 26. Ne5 Nd3 27. Nxd3 Bxd3 28. Rc1 Bh4 29. Bc3 Bxe4 30. Qxe4 Bxf2 31. Qe5 Bd4 32. Bxd4 Nxd4 33. Qxd4 Rfd8 34. Qg1 Rbc8 35. Rf1 Rd2 36. Qxa7 Rd1 37. Kg1 Rcd8 38. Rxd1 Qxd1+ 39. Kf2 Qd4+ 40. Qxd4 Rxd4 41. b3 Rxf4+ 42. Ke3 Rb4 43. a5 Rxb3+ 44. Kd4 Ra3 45. a6 0-1

[Event "Asian Amateur-ch Women 2022"]
[Site "Muscat"]
[Date "2022.10.04"]
[Round "8.2"]
[White "Rouda Essa, Alserkal"]
[Black "Shybi Binoj"]
[Result "1/2-1/2"]
[ECO "C87"]
[WhiteElo "1893"]
[BlackElo "1402"]
[Annotator "NA RC COMBH"]
[PlyCount "98"]
[EventDate "2022.09.29"]
[EventType "swiss"]
[EventCountry "OMN"]
[SourceTitle "playchess.com"]
[Source "ChessBase"]
[SourceQuality "1"]
[TimeControl "5400+30"]

1. e4 e5 2. Nf3 Nc6 3. Bb5 a6 4. Ba4 d6 5. O-O Bg4 6. c3 Nf6 7. Re1 Be7 8. Bxc6+ bxc6 9. d4 exd4 10. cxd4 d5 11. e5 Ne4 12. Qa4 Bd7 13. Qa5 O-O 14. Nbd2 Bf5 15. Nf1 f6 16. Bf4 Rb8 17. Re2 Rb6 18. Ng3 Nxg3 19. fxg3 Be4 20. Rf2 Qb8 21. Rc1 Qa7 22. Qa4 Qb7 23. Be3 Rb5 24. Nd2 Bg6 25. Nb3 Qb6 26. exf6 gxf6 27. Nc5 Bxc5 28. dxc5 Qb7 29. Bh6 Rxb2 30. Rxb2 Qxb2 31. Qxc6 Be4 32. Qe6+ Kh8 33. Qh3 Re8 34. g4 Bg6 35. Qf3 Be4 36. Qg3 d4 37. Qf2 Qxf2+ 38. Kxf2 Bg6 39. Rc4 d3 40. Be3 Rb8 41. Rd4 Rb2+ 42. Kf3 Rxa2 43. Bh6 Re2 44. Rd7 c6 45. Ra7 Kg8 46. Rg7+ Kh8 47. Ra7 Kg8 48. Rg7+ Kh8 49. Ra7 Kg8 1/2-1/2

[Event "Asian Amateur-ch Women 2022"]
[Site "Muscat"]
[Date "2022.10.04"]
[Round "8.3"]
[White "Sawan, Eman"]
[Black "Amulya Guruprasad"]
[Result "1-0"]
[ECO "C50"]
[WhiteElo "1840"]
[BlackElo "1278"]
[Annotator "NA RC COMBH"]
[PlyCount "21"]
[EventDate "2022.09.29"]
[EventType "swiss"]
[EventCountry "OMN"]
[SourceTitle "playchess.com"]
[Source "ChessBase"]
[SourceQuality "1"]
[TimeControl "5400+30"]

1. e4 e5 2. Nf3 Nc6 3. Bc4 f5 4. d4 fxe4 5. Nxe5 Nxe5 6. dxe5 Ne7 7. Nc3 b6 8. Nxe4 h6 9. Qh5+ Ng6 10. Qxg6+ Ke7 11. Qf7# 1-0

[Event "Asian Amateur-ch Women 2022"]
[Site "Muscat"]
[Date "2022.10.04"]
[Round "8.4"]
[White "Al Mansouri, Moza"]
[Black "Al-Khelaifi, Aisha"]
[Result "1-0"]
[ECO "C42"]
[WhiteElo "1610"]
[BlackElo "1678"]
[Annotator "NA RC COMBH"]
[PlyCount "65"]
[EventDate "2022.09.29"]
[EventType "swiss"]
[EventCountry "OMN"]
[SourceTitle "playchess.com"]
[Source "ChessBase"]
[SourceQuality "1"]
[TimeControl "5400+30"]

1. e4 e5 2. Nf3 Nf6 3. Nc3 Bb4 4. Nxe5 O-O 5. Nd3 Bxc3 6. dxc3 Nxe4 7. Be3 d6 8. Qf3 Nf6 9. h3 c6 10. O-O-O Be6 11. Nf4 Bc8 12. g4 d5 13. Bd3 Nbd7 14. g5 Ne5 15. Qg2 Nxd3+ 16. cxd3 Nd7 17. h4 Ne5 18. Bd4 Qc7 19. Nh5 Bf5 20. Qg3 Rae8 21. f4 Bg6 22. Nxg7 Nxd3+ 23. Rxd3 Bxd3 24. Nxe8 Rxe8 25. Qxd3 Qxf4+ 26. Kb1 b6 27. h5 Re6 28. Rf1 Qg4 29. Qf3 Qe4+ 30. Qxe4 Rxe4 31. b4 Kf8 32. g6 hxg6 33. hxg6 1-0

[Event "Asian Amateur-ch Women 2022"]
[Site "Muscat"]
[Date "2022.10.04"]
[Round "8.5"]
[White "Al-Khelaifi, Salama"]
[Black "Abeysinghe, H M H Janandani"]
[Result "1-0"]
[ECO "B06"]
[WhiteElo "1798"]
[BlackElo "1546"]
[Annotator "NA RC COMBH"]
[PlyCount "83"]
[EventDate "2022.09.29"]
[EventType "swiss"]
[EventCountry "OMN"]
[SourceTitle "playchess.com"]
[Source "ChessBase"]
[SourceQuality "1"]
[TimeControl "5400+30"]

1. d4 g6 2. Nc3 Bg7 3. e4 d6 4. Be3 a6 5. Qd2 Nd7 6. O-O-O b5 7. Kb1 Bb7 8. f3 Rc8 9. Nce2 Nb6 10. Nc1 h5 11. Nh3 Nf6 12. Bg5 Nfd7 13. Be3 c5 14. Ng5 Qc7 15. d5 Na4 16. c3 b4 17. Qc2 Ndb6 18. Nd3 bxc3 19. b3 Nb2 20. Nxb2 cxb2 21. f4 O-O 22. Be2 a5 23. Bxh5 c4 24. Bxg6 Na8 25. e5 Bh6 26. Bh7+ Kh8 27. Bg8 f5 28. Ne6 cxb3 29. Qxc7 bxa2+ 30. Kxa2 Nxc7 31. Nxf8 Rxf8 32. exd6 Nb5 33. dxe7 Rxg8 34. d6 Nc3+ 35. Kxb2 Nxd1+ 36. Rxd1 Bg7+ 37. Ka3 Bc6 38. d7 Bxd7 39. Rxd7 Bf6 40. Bd4 Bxd4 41. Rxd4 Kg7 42. Rd8 1-0

[Event "Asian Amateur-ch Women 2022"]
[Site "Muscat"]
[Date "2022.10.04"]
[Round "8.6"]
[White "Al Kalbani, Wadima"]
[Black "Khalil, Hanan"]
[Result "1-0"]
[ECO "B07"]
[WhiteElo "1554"]
[BlackElo "1484"]
[Annotator "NA RC COMBH"]
[PlyCount "130"]
[EventDate "2022.09.29"]
[EventType "swiss"]
[EventCountry "OMN"]
[SourceTitle "playchess.com"]
[Source "ChessBase"]
[SourceQuality "1"]
[TimeControl "5400+30"]

1. e4 d6 2. d4 Nf6 3. Nc3 e5 4. Nge2 Nbd7 5. h3 Be7 6. g4 h6 7. Bg2 c6 8. a4 a5 9. O-O Qc7 10. Ng3 Nf8 11. Nf5 Bxf5 12. exf5 g6 13. dxe5 dxe5 14. Re1 gxf5 15. gxf5 N8d7 16. Be3 O-O-O 17. Qe2 Rdg8 18. Kh1 Rg7 19. Rg1 Rhg8 20. Bf3 e4 21. Nxe4 Nxe4 22. Bxe4 Qe5 23. Bxh6 Rxg1+ 24. Rxg1 Rh8 25. Bc1 Rxh3+ 26. Kg2 Rh2+ 27. Kf1 Bc5 28. Bg2 Qxf5 29. Rh1 Rxh1+ 30. Bxh1 Ne5 31. Be4 Qf6 32. Be3 Bxe3 33. Qxe3 Nc4 34. Qh3+ Kb8 35. Qg3+ Ka7 36. Bd3 Nxb2 37. Qe3+ Kb8 38. Qb6 Nxd3 39. cxd3 Qg5 40. Qb3 Qd5 41. Qa3 Qd8 42. Qb3 Qd7 43. Kg1 Qg4+ 44. Kf1 Qh3+ 45. Kg1 Qe6 46. Qa3 Qe1+ 47. Kg2 Qb4 48. Qa2 Qg4+ 49. Kh1 Qh3+ 50. Kg1 Qxd3 51. Kh2 Qd6+ 52. Kg1 Qd5 53. Qa1 Qg5+ 54. Kf1 Qh5 55. Kg1 Qg6+ 56. Kf1 Qd3+ 57. Kg2 Qe4+ 58. Kg1 f5 59. Qa3 Qg4+ 60. Kf1 Qb4 61. Qa1 f4 62. Kg2 Qe4+ 63. Kh2 f3 64. Kg3 Ka7 65. Qa3 Qd5 1-0

[Event "Asian Amateur-ch Women 2022"]
[Site "Muscat"]
[Date "2022.10.04"]
[Round "8.7"]
[White "Dakshikaa S M"]
[Black "Al-Khulaifi, Ghada"]
[Result "0-1"]
[ECO "C54"]
[WhiteElo "1117"]
[BlackElo "1620"]
[Annotator "NA RC COMBH"]
[PlyCount "130"]
[EventDate "2022.09.29"]
[EventType "swiss"]
[EventCountry "OMN"]
[SourceTitle "playchess.com"]
[Source "ChessBase"]
[SourceQuality "1"]
[TimeControl "5400+30"]

1. e4 e5 2. Nf3 Nc6 3. Bc4 Bc5 4. c3 Nf6 5. d4 exd4 6. e5 d5 7. Bb5 Ne4 8. cxd4 Bb6 9. Nc3 O-O 10. Be3 Bg4 11. h3 Bh5 12. Qc2 Bg6 13. Qb3 Ba5 14. O-O Bxc3 15. bxc3 Ne7 16. Be2 Rb8 17. Nh4 f5 18. Bf4 Bf7 19. f3 g5 20. fxe4 dxe4 21. e6 gxf4 22. exf7+ Kh8 23. Qe6 Qd6 24. Bc4 b5 25. Qxd6 cxd6 26. Be6 d5 27. Rxf4 Rb6 28. Bxf5 Rxf7 29. Rb1 Ng6 30. Nxg6+ hxg6 31. Rh4+ Kg7 32. Bg4 Rc7 33. Rb3 a5 34. a4 b4 35. cxb4 Rxb4 36. Rxb4 axb4 37. Be6 b3 38. Bxd5 b2 39. Bxe4 Re7 40. Bd3 Re3 41. Re4 Rxd3 42. Re1 Rc3 43. Re7+ Kf6 44. Rb7 Rc1+ 45. Kf2 b1=Q 46. Rxb1 Rxb1 47. Ke3 Ra1 48. Ke4 Rxa4 49. h4 Ke6 50. g4 Ra5 51. g5 Rd5 52. Ke3 Kf5 53. Kf3 Rxd4 54. Kg3 Rd3+ 55. Kh2 Kg4 56. Kg2 Kxh4 57. Kh2 Rd2+ 58. Kg1 Kxg5 59. Kf1 Kf4 60. Ke1 Ke3 61. Kf1 Re2 62. Kg1 Rf2 63. Kh1 Kf3 64. Kg1 Kg3 65. Kh1 Rf1# 0-1

[Event "Asian Amateur-ch Women 2022"]
[Site "Muscat"]
[Date "2022.10.04"]
[Round "8.8"]
[White "Al Aisaee, Anat"]
[Black "Amal Fadel S M Alshamsi"]
[Result "1/2-1/2"]
[ECO "C45"]
[WhiteElo "1628"]
[BlackElo "1404"]
[Annotator "NA RC COMBH"]
[PlyCount "92"]
[EventDate "2022.09.29"]
[EventType "swiss"]
[EventCountry "OMN"]
[SourceTitle "playchess.com"]
[Source "ChessBase"]
[SourceQuality "1"]
[TimeControl "5400+30"]

1. e4 e5 2. Nf3 Nc6 3. d4 exd4 4. Nxd4 Nf6 5. Nxc6 bxc6 6. Bd3 d5 7. exd5 cxd5 8. O-O Be7 9. c4 d4 10. Nd2 O-O 11. Ne4 Bb7 12. Qc2 h6 13. Nxf6+ Bxf6 14. Bd2 c5 15. Rfe1 Qd6 16. Be4 Bxe4 17. Qxe4 Rfe8 18. Qf3 Be5 19. h3 Rab8 20. b3 Rb6 21. Qg4 d3 22. Rad1 Ra6 23. a4 Rb6 24. Bf4 Re6 25. Bxe5 Rxe5 26. Rxe5 Qxe5 27. Rxd3 Qe1+ 28. Kh2 Qxf2 29. Rf3 Qb2 30. Qc8+ Kh7 31. Qxc5 Rg6 32. Qf2 Qe5+ 33. Kg1 Qa1+ 34. Qf1 Qd4+ 35. Kh1 Qb2 36. Rxf7 Qxb3 37. Rxa7 Qb6 38. Rf7 Qa5 39. Qb1 Qxa4 40. Rf2 Qxc4 41. Rb2 Qc6 42. Ra2 Qb6 43. Rb2 Qc6 44. Ra2 Qb6 45. Rb2 Qc6 46. Ra2 Qb6 1/2-1/2